 Dungeon Crawl Stone Soup version 0.30.0-20-g3b4254fcbd (webtiles) character file.

Game seed: 13792116745604497059

12787 thekillerGOD1 the Severer (level 11, -24/148 HPs)
             Began as a Minotaur Berserker on June 2, 2023.
             Was an Elder of Trog.
             Killed from afar by Fannar (31 damage)
             ... with a bolt of cold
             ... on level 2 of the Lair of Beasts.
             The game lasted 01:12:24 (7735 turns).

thekillerGOD1 the Severer (Minotaur Berserker)      Turns: 7735, Time: 01:12:24

Health: -24/148    AC: 18    Str: 26    XL:     11   Next: 67%
Magic:  19/19      EV: 11    Int:  4    God:    Trog [****..]
Gold:   530        SH:  0    Dex: 10    Spells: 10/10 levels left

rFire   . . .        G - +4 battleaxe
rCold   . . .        (shield currently unavailable)
rNeg    . . .        k - +0 chain mail
rPois   .            (helmet restricted)
rElec   .            (no cloak)
rCorr   .            r - +1 pair of gloves
SInv    .            (no boots)
Will    ++...        (no amulet) Stlth
                     f - ring of magical power
HPRegen 1.44/turn    g - +4 ring of protection
MPRegen 0.16/turn

%: no passive effects
@: berserking, strong-willed, regenerating, very quick
A: horns 2, retaliatory headbutt
a: Renounce Religion, Berserk, Trog's Hand, Brothers in Arms


You were on level 2 of the Lair of Beasts.
You worshipped Trog.
Trog was greatly pleased with you.
You visited 3 branches of the dungeon, and saw 12 of its levels.

You collected 597 gold pieces.
You spent 67 gold pieces at shops.

Inventory:

Hand Weapons
 a - a +2 hand axe
 c - a +0 mace
 n - a +0 war axe
 D - a -3 executioner's axe
 G - a +4 battleaxe (weapon)
 M - the +6 mace of Tijo Somn {flame, *Corrode rF+++ Str+8 Int-4}
   (You found it on level 1 of the Lair of Beasts)

   Str:       It affects your strength (+8).
   Int:       It affects your intelligence (-4).
   rF:        It renders you almost immune to fire.
   *Corrode:  It may corrode you when you take damage.
Armour
 i - a +0 leather armour
 k - a +0 chain mail (worn)
 r - a +1 pair of gloves (worn)
 t - a +0 helmet
Jewellery
 f - a ring of magical power (left hand)
 g - a +4 ring of protection (right hand)
Wands
 e - a wand of iceblast (15)
 s - a wand of flame (17)
Scrolls
 p - 2 scrolls of immolation
 q - a scroll of acquirement {unknown}
 v - 3 scrolls of amnesia {unknown}
 w - 3 scrolls of fear
 x - 3 scrolls of teleportation
 y - a scroll of poison {unknown}
 A - 3 scrolls of vulnerability
 E - 2 scrolls of magic mapping {unknown}
 F - a scroll of enchant weapon
 H - a scroll of summoning {unknown}
 J - a scroll of noise {unknown}
 K - 2 scrolls of fog
 N - a scroll of silence {unknown}
Potions
 b - 4 potions of lignification
 d - 3 potions of flight
 h - 2 potions of might
 j - 3 potions of curing
 l - a potion of cancellation {unknown}
 m - 3 potions of haste
 o - a potion of resistance {unknown}
 u - 3 potions of brilliance
 z - a potion of ambrosia {unknown}
 B - 2 potions of mutation {unknown}
 C - 2 potions of degeneration {unknown}
 I - a potion of attraction {unknown}
 L - a potion of berserk rage {unknown}


   Skills:
 + Level 10.0 Fighting
 * Level 15.2 Axes
 - Level 11.1 Armour
 - Level 8.6 Dodging


You had 10 spell levels left.
You didn't know any spells.
Your spell library was empty.

Dungeon Overview and Level Annotations

Branches:
Dungeon (9/15)             Temple (1/1) D:6            Lair (2/5) D:9
  Swamp (0/4) Lair:2
  Snake: Lair:2-3    Spider: Lair:2-3       Orc: D:9-12

Altars:
Ashenzari
Cheibriados
Dithmenos
Elyvilon
Fedhas
Gozag
Hepliaklqana
Makhleb
Nemelex Xobeh
Okawaru
Ru
Uskayaw
Vehumet
Wu Jian
Xom
Zin
The Shining One
Lugonu

Shops:
D:7 *   D:8 ?*

Annotations:
Lair:2 Fannar


Innate Abilities, Weirdness & Mutations

You have a pair of horns on your head.
You reflexively headbutt those who attack you in melee.


Message History

Fannar is lightly wounded.
Fannar gestures at you while chanting. The bolt of cold hits you!!
A naga comes into view. It is wielding a +0 long sword.
You slice Fannar!! Your headbutt misses Fannar.
Fannar is moderately wounded.
Fannar misses you.
You slash Fannar! Your headbutt misses Fannar.
Fannar is heavily wounded.
Fannar barely misses you.
You slash Fannar!
Fannar is heavily wounded.
A naga comes into view. It is wielding a +0 hand axe.
Fannar closely misses you.
You slash Fannar!
Fannar is severely wounded.
Fannar casts a spell at you. The bolt of cold hits you!!
* * * LOW HITPOINT WARNING * * *
You closely miss Fannar.
Fannar is severely wounded.
A naga comes into view. It is wielding a +0 short sword.
Fannar hits you but does no damage. Fannar freezes you!
* * * LOW HITPOINT WARNING * * *
The naga shouts!
You slash Fannar! Your headbutt misses Fannar.
Fannar is almost dead.
You hear a shout!
A naga comes into view. It is wielding a +0 long sword.
Fannar hits you but does no damage. Fannar freezes you.
* * * LOW HITPOINT WARNING * * *
Your skin crawls.
You feel strong-willed. Fannar hits you but does no damage. Fannar freezes you!
* * * LOW HITPOINT WARNING * * *
A red film seems to cover your vision as you go berserk!
You feel yourself moving faster!
You feel mighty! Fannar gestures at you while chanting.
The bolt of cold hits you!!
You die...

...# ...# .# ...## . ..
....## #N .# #### ###..#
.N . #..# . ######
..#N#.#..# ..
#..######......#..# ...
........##.....e..##....
#.#...##########@....[..
####.## #....#....#.....
# ##.# ##...##...$# ...
###..###....##+.### .
............#..####.
......................
............†.........
...........†<.........
......................


You could see Fannar and 3 nagas.

Vanquished Creatures
  A two-headed ogre (D:9)
  A bog body (Lair:1)
  Pikel (D:8)
  3 cane toads
  2 rime drakes (Lair:1)
  A komodo dragon (Lair:2)
  An anaconda simulacrum (Lair:1)
  2 ice devils (Lair:1)
  2 polar bears (Lair:1)
  23 yaks
  A death yak simulacrum (Lair:1)
  3 vampire mosquitoes (D:9)
  2 wargs (D:9)
  2 steam dragons
  A water moccasin (Lair:1)
  5 orc warriors
  An ice beast (D:6)
  An ogre (D:5)
  6 wolves
  4 lemures
  4 centaurs
  A kobold brigand (D:9)
  6 bullfrogs
  4 scorpions
  8 wights (D:8)
  An elephant simulacrum (Lair:1)
  5 killer bees (D:9)
  2 howler monkeys (D:9)
  A lava snake (D:8)
  5 hounds
  4 jellies
  10 orc priests
  An iguana (D:4)
  13 orc wizards
  A troll simulacrum (Lair:1)
  4 gnolls (D:2)
  5 adders
  5 white imps
  2 worms
  5 dart slugs
  37 orcs
  3 bats
  5 endoplasms
  3 giant cockroaches
  4 goblins
  3 hobgoblins
  3 quokkas
  7 ball pythons
  11 kobolds
  2 rats
228 creatures vanquished.

Notes
Turn   | Place    | Note
-------+----------+-------------------------------------------
     0 | D:1      | thekillerGOD1 the Minotaur Berserker began the quest for
                  | the Orb.
     0 | D:1      | Reached XP level 1. HP: 19/19 MP: 0/0
   187 | D:1      | Reached skill level 4 in Axes
   320 | D:1      | Reached XP level 2. HP: 26/27 MP: 1/1
   673 | D:2      | Reached XP level 3. HP: 29/33 MP: 2/2
   682 | D:2      | Reached skill level 5 in Axes
   686 | D:2      | Reached XP level 4. HP: 41/41 MP: 3/3
   755 | D:2      | Found a shimmering altar of Xom.
  1008 | D:3      | Found a faded altar of an unknown god.
  1028 | D:3      | Reached ** piety under Trog
  1037 | D:3      | Reached skill level 5 in Fighting
  1037 | D:3      | Reached skill level 6 in Axes
  1037 | D:3      | Reached XP level 5. HP: 37/48 MP: 4/4
  1686 | D:4      | Found a broken altar of Ashenzari.
  1702 | D:4      | HP: 1/48 [orc priest/divine providence (14)]
  1990 | D:4      | Reached skill level 7 in Axes
  2009 | D:4      | Reached XP level 6. HP: 27/56 MP: 5/5
  2596 | D:5      | Entered Level 5 of the Dungeon
  2644 | D:5      | Reached skill level 8 in Axes
  2736 | D:5      | Reached XP level 7. HP: 61/61 MP: 6/6
  2807 | D:5      | Reached skill level 9 in Axes
  3111 | D:6      | Found a staircase to the Ecumenical Temple.
  3122 | Temple   | Entered the Ecumenical Temple
  3284 | D:6      | Reached skill level 10 in Axes
  3471 | D:6      | Reached XP level 8. HP: 68/68 MP: 7/7
  3506 | D:6      | Reached skill level 5 in Dodging
  3721 | D:7      | Reached skill level 11 in Axes
  4148 | D:7      | Found Zyg Pana's General Store.
  4156 | D:7      | Bought 2 scrolls of teleportation for 66 gold pieces
  4251 | D:7      | Found a sparkling altar of Nemelex Xobeh.
  4255 | D:7      | Found a snail-covered altar of Cheibriados.
  4259 | D:7      | Found an opulent altar of Gozag.
  4336 | D:8      | Found a burning altar of Makhleb.
  4338 | D:8      | Noticed Pikel
  4371 | D:8      | Killed Pikel
  4372 | D:8      | Reached XP level 9. HP: 42/78 MP: 8/8
  4392 | D:8      | Found a blossoming altar of Fedhas.
  4523 | D:8      | Found Veur's Lightly-Used Armoury.
  4533 | D:8      | Bought a -3 executioner's axe for 1 gold piece
  4556 | D:8      | Reached skill level 12 in Axes
  5002 | D:8      | Found Aregof's Magic Scroll Boutique.
  5035 | D:8      | Found a sacrificial altar of Ru.
  5045 | D:8      | Reached *** piety under Trog
  5229 | D:9      | Reached skill level 13 in Axes
  5229 | D:9      | Reached XP level 10. HP: 62/90 MP: 9/9
  5347 | D:9      | Found a white marble altar of Elyvilon.
  5427 | D:9      | Found an ornate altar of the Wu Jian Council.
  5431 | D:9      | Reached **** piety under Trog
  5520 | D:9      | Noticed a two-headed ogre
  5528 | D:9      | Killed a two-headed ogre
  5543 | D:9      | Found a staircase to the Lair.
  5673 | Lair:1   | Entered Level 1 of the Lair of Beasts
  5716 | Lair:1   | Noticed a cane toad
  5727 | Lair:1   | Reached skill level 14 in Axes
  5727 | Lair:1   | Killed a cane toad
  5738 | Lair:1   | Reached XP level 11. HP: 76/95 MP: 10/10
  6053 | Lair:1   | Noticed a bog body
  6089 | D:9      | Reached skill level 10 in Armour
  6422 | Lair:1   | Killed a bog body
  6777 | Lair:1   | Identified the +6 mace of Tijo Somn {flame, *Corrode rF+++
                  | Str+8 Int-4}
  6903 | Lair:1   | Identified the +6 falchion of the Eleven Ears {heavy,
                  | rElec}
  7186 | Lair:2   | Found the +8 trident of the Octopus King {venom, rElec
                  | rPois}
  7323 | Lair:2   | Found a staircase to the Swamp.
  7519 | Lair:2   | Reached skill level 15 in Axes
  7689 | Lair:2   | Reached skill level 10 in Fighting
  7722 | Lair:2   | Noticed Fannar
  7734 | Lair:2   | HP: 3/99 [Fannar/staff of cold (17)]
  7735 | Lair:2   | Killed from afar by Fannar

Illustrated notes

Levels and vault maps discovered:
D:1:      minmay_arrival_doors, layout_loops_cross, minivault_14,
          chequers_serial_rivers_small_b, dreamdust_princess_bridge
D:2:      layout_basic, basic_altar, serial_park_tiny_2, item_on_display_a
D:3:      layout_basic, ebering_ecumenical_altar_mist, nicolae_underground_beach
D:4:      layout_rooms, mainiacjoe_overflow_chevrons, minivault_5
D:5:      layout_rooms, serial_shops, shop
D:6:      layout_basic, minmay_temple_entry_large_hall
D:7:      layout_basic, minitemple, serial_shops, nicolae_shop_getting_attention
D:8:      layout_basic, nicolae_ru_awakened_eye,
          mainiacjoe_overflow_catch_the_wave, mainiacjoe_overflow_swirl,
          serial_shops, nicolae_take_the_stairs, minmay_shop_damaged, uniq_pikel
D:9:      layout_basic, nzn_overflow_gifts_of_might_and_magic,
          mainiacjoe_overflow_boulevard, mainiacjoe_overflow_cross_hatched,
          erik_lair_orcish_takeover, serial_shops, kennysheep_mini_moat
Temple:   corrupted_temple
Lair:1:   dreamdust_isle_of_ice, layout_chaotic_city
Lair:2:   layout_regular_city, swamp_mist_pool,
          minmay_snake_entry_guardpost_large, st_stairs_9,
          pdpol_lair_cabin_in_the_woods, uniq_fannar

Skill      XL: |  1  2  3  4  5  6  7  8  9 10 11 |
---------------+----------------------------------+-----
Axes           | 4 5 6 7 8 10 11 13 14 15 | 15.2
Fighting       | 4 5 6 8 10 | 10.0
Dodging        | 4 6 8 |  8.6
Armour         | 9 11 | 11.1

Action                     |  1- 3 |  4- 6 |  7- 9 | 10-12 || total
---------------------------+-------+-------+-------+-------++-------
  Melee: Hand axe          |    42 |    72 |       |       ||   114
         Headbutt          |     4 |    20 |    32 |    33 ||    89
         War axe           |       |    44 |   109 |       ||   153
         Battleaxe         |       |       |    46 |   186 ||   232
         Executioner's axe |       |       |    19 |       ||    19
 Invoke: Berserk           |     1 |     3 |     4 |     4 ||    12
         Trog's Hand       |       |     1 |     4 |     6 ||    11
  Evoke: Wand              |       |       |     1 |       ||     1
    Use: Scroll            |     2 |     3 |     6 |     3 ||    14
         Potion            |       |       |     3 |     1 ||     4
 Armour: Leather armour    |     1 |       |       |       ||     1
         Animal skin       |     1 |       |       |       ||     1
         Chain mail        |    11 |    66 |   112 |    94 ||   283
  Dodge: Dodged            |    11 |    57 |    96 |   133 ||   297
